 Dungeon Sprint DCSS version 0.29-a0-322-g68df515428 (webtiles) character file.

Game seed: 10866196813764309636

115 mhtbhm the Skirmisher (level 5, -3/37 HPs)
             Began as a Gargoyle Fighter on Apr 9, 2022.
             Killed by divine providence
             ... invoked by an orc priest
              (13 damage)
             ... in the Dungeon (Sprint IX: "|||||||||||||||||||||||||||||").
             The game lasted 00:00:19 (43 turns).

mhtbhm the Skirmisher (Gargoyle Fighter)              Turns: 43, Time: 00:00:20

Health: -3/37      AC: 11    Str: 21    XL:     5   Next: 0%
Magic:  5/5        EV:  9    Int:  9    God:
Gold:   0          SH:  5    Dex:  9    Spells: 4/4 levels left

rFire   . . .      SeeInvis .   a - +0 flail
rCold   . . .      Faith    .   c - +0 buckler
rNeg    + . .      Spirit   .   b - +0 scale mail
rPois   ∞          Reflect  .   (no helmet)
rElec   +          Harm     .   (no cloak)
rCorr   .          Rampage  .   (no gloves)
Will    .....      NoTele   +   (no boots)
Stlth   ..........              (no amulet)
HPRegen 0.12/turn               (no ring)
MPRegen 0.09/turn               (no ring)

@: on berserk cooldown, slowed, very slow
A: sickness immunity, AC +4, negative energy resistance 1, electricity
resistance, torment resistance 1, petrification resistance
a: no special abilities


You were in the Dungeon.
You visited 1 branch

Inventory:

Hand Weapons
 a - a +0 flail (weapon)
Armour
 b - a +0 scale mail (worn)
 c - a +0 buckler (worn)
Scrolls
 j - a scroll of blinking
Potions
 d - a potion of might
 e - a potion of curing
 g - a potion of haste
 h - 2 potions of magic


   Skills:
 + Level 6.5 Fighting
 + Level 3.7 Maces & Flails
 + Level 6.4 Armour
 + Level 0.4 Dodging
 + Level 6.2 Shields


You had 4 spell levels left.
You didn't know any spells.
Your spell library was empty.

Dungeon Overview and Level Annotations

Branches:
Dungeon (1/1)

Altars:


Innate Abilities, Weirdness & Mutations

You are immune to sickness and miasma.
Your stone body is resilient. (AC +4)
You are immune to poison.
You resist negative energy. (rN+)
You are resistant to electric shocks. (rElec)
You are resistant to unholy torment.
You are immune to petrification.


Message History

The ice beast hits you but does no damage.
You sock the ice beast!
You kill the ice beast!
You are no longer berserk.
You are exhausted.
You feel yourself slow down.
The orc priest looks encouraged for a moment.
Your Fighting skill gained 2 levels and is now at level 6!
Your Maces & Flails skill increases to level 3!
Your Armour skill gained 2 levels and is now at level 6!
Your Shields skill gained 2 levels and is now at level 6!
You have reached level 3!
Your experience leads to an increase in your attributes!
Increase (S)trength, (I)ntelligence, or (D)exterity?
You feel stronger. x2
You have reached level 4!
You feel clever.
You have reached level 5!
You hit the scorpion.
The scorpion is lightly wounded.
The scorpion closely misses you.
The scorpion stings you but does no damage.
You barely miss the scorpion.
The scorpion is lightly wounded.
The scorpion closely misses you.
The orc priest looks braver for a moment.
The scorpion stings you but does no damage.
The orc priest looks encouraged for a moment.
You barely miss the scorpion.
The scorpion is lightly wounded.
The scorpion stings you.
The scorpion stings you but does no damage.
The scorpion stings you.
* * * LOW HITPOINT WARNING * * *
You sock the scorpion!
The scorpion is heavily wounded.
The scorpion barely misses you.
The orc priest invokes the aid of Beogh against you.
Beogh smites you!
You die... ▓▓▓▓▓▓▓▓▓▓▓▓▓▓▓▓▓▓ +..Sos@.....)...<▓ ▓▓▓▓▓▓▓▓▓▓▓▓▓▓▓▓▓▓

You could see a scorpion, an orc priest and an adder.

Vanquished Creatures
  An ice beast (D)
  An adder (D)
  A dart slug (D)
  2 hobgoblins (D)
  A goblin (D)
  A rat (D)
7 creatures vanquished.

Notes
Turn   | Place    | Note
-------+----------+-------------------------------------------
     0 | D        | mhtbhm the Gargoyle Fighter began the quest for the Orb.
     0 | D        | Reached XP level 1. HP: 14/14 MP: 1/1
    16 | D        | Reached XP level 2. HP: 19/20 MP: 2/2
    23 | D        | Noticed a scorpion
    23 | D        | Noticed an ice beast
    39 | D        | Killed an ice beast
    40 | D        | Reached XP level 3. HP: 13/28 MP: 3/3
    40 | D        | Reached XP level 4. HP: 15/32 MP: 4/4
    40 | D        | Reached XP level 5. HP: 17/37 MP: 5/5
    43 | D        | Killed from afar by an orc priest

Illustrated notes

Levels and vault maps discovered:
D:        linesprint [early_d, line_temple, items_1, d_10, items_2, lair_1,
          lair_end, items_3, orc_1, orc_end, items_4, d_15, swamp_1, shoals_1,
          snake_1, spider_1, d_20, vaults_1, items_5, swamp_end, shoals_end,
          snake_end, spider_end, vaults_end, d_27, items_6, zot_1, zot_end,
          crypt_end, forest_end, elf_end, slime_end, tomb_end, abyss_end,
          pan_hell_end]

Skill      XL: |  1  2 |
---------------+-------+-----
Armour         | 4 6 |  6.4
Fighting       | 4 6 |  6.5
Shields        | 4 6 |  6.2
Maces & Flails | 3 |  3.7
Dodging        | |  0.4

Action                   |  1- 3 |  4- 6 || total
-------------------------+-------+-------++-------
Melee: Flail             |    25 |     4 ||    29
  Use: Potion            |     2 |       ||     2
Armor: Scale mail        |     9 |     3 ||    12
Dodge: Dodged            |    10 |     3 ||    13
Block: Buckler           |     3 |       ||     3

Table legend: (Time is in decaauts)
 A = Elapsed time spent in this place.
 B = Non-inter-level travel time spent in this place.
 C = Inter-level travel time spent in this place.
 D = Time resting spent in this place.
 E = Time spent auto-exploring this place.
 F = Levels seen in this place.
 G = Mean time per level.
                   A        B        C        D        E       F      G
               +--------+--------+--------+--------+--------+-----+--------+
         Total |     49 |     49 |      0 |      0 |      3 |   1 |   49.0 |
       Dungeon |     49 |     49 |      0 |      0 |      3 |   1 |   49.0 |
               +--------+--------+--------+--------+--------+-----+--------+

Top non-repeatable levels by time:
       D: 49 daAuts
